 Dungeon Crawl Stone Soup version 0.27.0-1-g7a089689b8 (webtiles) character file.

Game seed: 7089654671505913547

206 horus123 the Magician (level 5, -6/28 HPs)
             Began as a Deep Elf Venom Mage on Aug 9, 2021.
             Mangled by an ogre (34 damage)
             ... on level 4 of the Dungeon on Aug 10, 2021.
             The game lasted 00:19:24 (4346 turns).

horus123 the Magician (Deep Elf Venom Mage)         Turns: 4346, Time: 00:19:25

Health: -6/28      AC:  3    Str:  5    XL:     5   Next: 53%
Magic:  8/14       EV: 13    Int: 21    God:
Gold:   86         SH:  0    Dex: 15    Spells: 2/14 levels left

rFire    . . .     SeeInvis .   l - +2 flail (protect)
rCold    . . .     Faith    .   (no shield)
rNeg     . . .     Spirit   .   a - +1 robe
rPois    .         Reflect  .   (no helmet)
rElec    .         Harm     .   (no cloak)
rCorr    .         Rampage  .   (no gloves)
Will     .....                  (no boots)
Stlth    ++........             (no amulet)
HPRegen  0.09/turn              (no ring)
MPRegen  0.14/turn              (no ring)

@: no status effects
A: no striking features
a: no special abilities


You were on level 4 of the Dungeon.
You visited 1 branch of the dungeon, and saw 4 of its levels.

You collected 122 gold pieces.
You spent 36 gold pieces at shops.

Inventory:

Hand Weapons
 l - a +2 flail of protection (weapon)
Armour
 a - a +1 robe (worn)
 e - +0 fire dragon scales
Wands
 d - a wand of polymorph (6)
 f - a wand of acid (4)
Scrolls
 h - 3 scrolls of blinking {unknown}
 j - 2 scrolls of fear {unknown}
 k - a scroll of teleportation {unknown}
Potions
 b - a potion of resistance
 c - 2 potions of heal wounds
 g - a potion of cancellation {unknown}
 i - a potion of curing


   Skills:
 + Level 3.3 Dodging
 + Level 2.6 Stealth
 + Level 5.1 Spellcasting
 + Level 1.2 Translocations
 + Level 2.1 Transmutations
 + Level 1.2 Air Magic
 + Level 4.4 Poison Magic


You had 2 spell levels left.
You knew the following spells:

 Your Spells              Type           Power      Damage    Failure   Level
a - Sting                 Tmut/Pois      76%        1d6       2%          1
b - Poisonous Vapours     Pois/Air       34%        N/A       4%          2
c - Mephitic Cloud        Conj/Pois/Air  13%        N/A       14%         3
d - Olgreb's Toxic Radia  Pois           24%        N/A       17%         4
e - Blink                 Tloc           N/A        N/A       10%         2

Your spell library contained the following spells:

 Spells                   Type           Power      Damage    Failure   Level
 Corpse Rot               Necr/Air       N/A        N/A       13%         2
 Dispel Undead            Necr           5%         3d7       71%         4
 Manifold Assault         Tloc           10%        N/A       88%         5
 Death Channel            Necr           2%         N/A       100%        6
 Storm Form               Tmut/Air       6%         N/A       100%        7


Dungeon Overview and Level Annotations

Branches:
Dungeon (4/15)
 Temple: D:4-7

Altars:

Shops:
D:2 !


Message History

Casting: Poisonous Vapours (safe; 4% risk of failure)
Confirm with . or Enter, or press ? or * to list all spells.
You can't see any susceptible monsters within range! (Use Z to cast anyway.) Unknown command.
You see here 11 gold pieces.
You now have 86 gold pieces (gained 11).
Aiming: Polymorph
Press: ? - help, Shift-Dir - straight line, f - hound skeleton
Aim: a hound skeleton (dormant, not susceptible)
Okay, then.
Unknown command.
You see here a +0 hunting sling.
Found a scroll of amnesia.
An adder and an ogre come into view.
You see here a scroll of amnesia.
Aiming: Polymorph
Press: ? - help, Shift-Dir - straight line, f - ogre
Aim: an ogre, wielding a +0 giant club (asleep, will become a boggart, a yak, or a water moccasin, chance to affect: 46%)
Okay, then.
Casting: Poisonous Vapours (safe; 4% risk of failure)
Confirm with . or Enter, or press ? or * to list all spells.
The spell is extremely dangerous to cast (17% risk of failure)!
Continue anyway?
You begin to radiate toxic energy.
The ogre shouts!
The ogre is poisoned.
The adder is poisoned.
You hear a bark! x2
A hound comes into view.
Casting: Olgreb's Toxic Radiance (extremely dangerous; 17% risk of failure)
Confirm with . or Enter, or press ? or * to list all spells.
Aiming: Poisonous Vapours (safe; 4% risk of failure)
Press: ? - help, Dir - move target, f - ogre
Aim: an ogre, wielding a +0 giant club (lightly wounded, poisoned) Poisonous vapours surround the ogre!
The ogre looks even sicker.
The hound barks!
The ogre looks even sicker.
The hound is poisoned.
Your toxic aura wanes.
You hear a bark!
The ogre hits you with a +0 giant club!!
Ouch! That really hurt!
You die...

.#
#.#.##.#
..
##..)...#
..
##.##.####
#.#...#
##.####
#.# #.#
#.# #@#
h.....O.#
....⌠####
.... ...
##


You could see an ogre (very poisoned) and a hound (poisoned).

Vanquished Creatures
  A hound (D:2)
  Ijyb (D:3)
  7 adders
  5 orcs
  6 ball pythons
  8 endoplasms
  2 giant cockroaches
  4 goblins
  9 hobgoblins
  14 jackals
  3 quokkas
  5 bats
  3 frilled lizards
  7 kobolds
  A rat (D:2)
76 creatures vanquished.

Vanquished Creatures (collateral kills)
  An orc (D:4)
1 creature vanquished.

Grand Total: 77 creatures vanquished

Notes
Turn   | Place    | Note
-------+----------+-------------------------------------------
     0 | D:1      | horus123 the Deep Elf Venom Mage began the quest for the
                  | Orb.
     0 | D:1      | Reached XP level 1. HP: 10/10 MP: 6/6
   289 | D:1      | Reached XP level 2. HP: 15/15 MP: 2/8
   463 | D:1      | Learned a level 2 spell: Poisonous Vapours
   723 | D:1      | Found a faded altar of an unknown god.
   931 | D:1      | Reached XP level 3. HP: 19/19 MP: 6/10
   983 | D:1      | Learned a level 3 spell: Mephitic Cloud
  1624 | D:2      | Reached skill level 4 in Spellcasting
  1942 | D:2      | Found Lefepheo's Distillery.
  1949 | D:2      | Bought a potion of curing for 36 gold pieces
  2039 | D:2      | Reached skill level 1 in Air Magic
  2279 | D:2      | Reached XP level 4. HP: 17/24 MP: 2/12
  2449 | D:2      | Learned a level 4 spell: Olgreb's Toxic Radiance
  2602 | D:3      | Noticed Ijyb
  2610 | D:3      | Killed Ijyb
  2926 | D:3      | Reached XP level 5. HP: 21/28 MP: 2/13
  3080 | D:3      | Learned a level 2 spell: Blink
  3434 | D:3      | Reached skill level 1 in Translocations
  4111 | D:4      | Reached skill level 5 in Spellcasting
  4344 | D:4      | Noticed an ogre
  4346 | D:4      | Mangled by an ogre

Illustrated notes

Levels and vault maps discovered:
D:1:      lightli_arrival_quake, layout_basic,
          hellmonk_ecumenical_altar_arch_garden
D:2:      layout_loops_ring, serial_shops, nicolae_shop_statue_plus
D:3:      layout_rooms, roderic_malta_cross, hangedman_decor_growths,
          minmay_cut_off, uniq_ijyb
D:4:      layout_loops_cross, cheibrodos_sewer_entry_bend,
          chequers_decorated_corner, grunt_ministairs_1

Skill      XL: |  1  2  3  4  5 |
---------------+----------------+-----
Poison Magic   | 4 |  4.4
Spellcasting   | 4 5 |  5.1
Air Magic      | 1 |  1.2
Transmutations | 2 |  2.1
Dodging        | 3 |  3.3
Translocations | 1 |  1.2
Stealth        | |  2.6

Action                   |  1- 3 |  4- 6 || total
-------------------------+-------+-------++-------
 Cast: Sting             |    71 |    55 ||   126
       Poisonous Vapours |    19 |    23 ||    42
       Olgreb's Toxic Ra |       |     3 ||     3
       Mephitic Cloud    |       |     2 ||     2
       Blink             |       |     3 ||     3
  Use: Scroll            |     6 |       ||     6
       Potion            |     1 |       ||     1
Armor: Robe              |    15 |     9 ||    24
Dodge: Dodged            |    23 |    38 ||    61
